 Dungeon Crawl Stone Soup version 0.24.0-13-gcf9b3192b9 (webtiles) character file.

Game seed: 17086164734013249235, levelgen mode: deterministic

2058 Curus the Basher (level 9, -1/70 HPs)
             Began as a Minotaur Abyssal Knight on Nov 6, 2019.
             Was an Elder of Lugonu.
             Slain by a centaur (7 damage)
             ... on level 7 of the Dungeon.
             The game lasted 00:26:59 (5610 turns).

Curus the Basher (Minotaur Abyssal Knight)          Turns: 5610, Time: 00:26:59

Health: -1/70      AC: 17    Str: 17    XL:     9   Next: 5%
Magic:  14/14      EV:  7    Int:  9    God:    Lugonu [****..]
Gold:   457        SH:  0    Dex: 13    Spells: 8/8 levels left

rFire    . . .     SeeInvis +   l - +4 flail
rCold    . . .     Gourm    .   (no shield)
rNeg     . . .     Faith    +   v - +0 plate armour
rPois    .         Spirit   .   (helmet restricted)
rElec    .         Reflect  .   r - +2 cloak
rCorr    .         Harm     .   (no gloves)
MR       .....                  h - +2 pair of boots
Stlth    ..........             k - amulet of faith
HPRegen  0.21/turn              w - ring of see invisible
MPRegen  0.14/turn              e - +2 ring of evasion

@: no status effects
A: retaliatory headbutt, horns 2
a: Depart the Abyss, Bend Space, Banish, Corrupt, Renounce Religion


You were on level 7 of the Dungeon.
You worshipped Lugonu.
Lugonu was greatly pleased with you.
You were not hungry.

You visited 1 branch of the dungeon, and saw 7 of its levels.
You visited the Abyss 1 time.

You collected 457 gold pieces.

Inventory:

Hand Weapons
 a - a +1 mace
 l - a +4 flail (weapon)
Armour
 b - a +0 leather armour
 h - a +2 pair of boots (worn)
 q - a +0 chain mail
 r - a +2 cloak (worn)
 t - a +0 ring mail
 v - a +0 plate armour (worn)
Jewellery
 d - a +4 ring of dexterity
 e - a +2 ring of evasion (right hand)
 k - an amulet of faith (around neck)
 m - an uncursed amulet of magic regeneration
 s - an uncursed ring of wizardry
 w - a ring of see invisible (left hand)
 A - an uncursed ring of wizardry
Wands
 p - a wand of polymorph (4)
 y - a wand of iceblast (12)
 z - a wand of paralysis (10)
Scrolls
 g - 5 scrolls of remove curse
 j - 3 scrolls of teleportation
 u - 2 scrolls of identify
 C - a scroll of amnesia
Potions
 f - a potion of might
 i - a potion of haste
 n - 2 potions of flight
 o - 4 potions of heal wounds
 x - a potion of agility
Comestibles
 c - 12 rations


   Skills:
 - Level 3.6 Fighting
 * Level 10.4 Maces & Flails
 - Level 2.4 Armour
 - Level 1.1 Dodging
 + Level 8.4 Invocations


You had 8 spell levels left.
You didn't know any spells.
Your spell library was empty.

Dungeon Overview and Level Annotations

Branches:
Dungeon (7/15)             Temple (0/1) D:6

Altars:
Ashenzari
Cheibriados
Elyvilon
Vehumet
Yredelemnul
The Shining One

Annotations:
D:7 2 transporters, SaintRoka's ghost, novice GnTm


Innate Abilities, Weirdness & Mutations

You reflexively headbutt those who attack you in melee.
You have a pair of horns on your head.


Message History

The hound bites you but does no damage.
You closely miss the hound. Your headbutt misses the hound.
The hound is almost dead.
The hound bites you but does no damage.
The orc priest calls down the wrath of Beogh upon you.
Beogh smites you!
* * * LOW HITPOINT WARNING * * *
Okay, then.
Unknown command.
The orc priest looks encouraged for a moment.
The hound closely misses you.
The phantom hits you but does no damage.
The centaur shoots an arrow.
The arrow hits you but does no damage. The hound barely misses you.
You see here an arrow.
The orc priest calls down the wrath of Beogh upon you.
Beogh smites you!
* * * LOW HITPOINT WARNING * * *
The centaur unwields a +0 shortbow.
The centaur hits you!
You die...

#..##.........#
#..###.......##
#..###....####
..........#.##
...#.........#
..####.......# ..
#......#..#####
......##..#.....<#
###............c@##
#.#..#...#.....Wh.#
#... ##.##.....(###
#.## ## #..#.s##
...##### #..#...######
....##.###..#o.......#
.......g.h.og###+###.#
.......g..ooo# ♣.♣ #.#
.†(.......oo.#♣#.#♣#.#


You could see a phantom, a centaur, a hound, a gnoll, 3 orcs and a giant
cockroach.

Vanquished Creatures
  A hippogriff (D:7)
  Sigmund (D:3)
  A water moccasin (D:6)
  2 orc warriors
  2 ice beasts (D:6)
  2 bullfrogs (D:7)
  A water moccasin skeleton (D:4)
  5 crimson imps
  A bullfrog zombie (D:5)
  4 orc priests
  A jelly (D:6)
  A centaur skeleton (D:4)
  4 hounds
  6 orc wizards
  5 worker ants
  Ijyb (D:5)
  A howler monkey skeleton (D:4)
  8 adders
  2 shadow imps
  An ooze (D:1)
  2 adder skeletons (D:4)
  6 worms
  2 dart slugs (D:1)
  7 leopard geckos
  18 orcs
  4 giant cockroaches
  4 goblins
  9 hobgoblins
  7 jackals
  3 quokkas
  2 ball pythons (D:2)
  8 bats
  4 frilled lizards
  5 kobolds
  A leopard gecko zombie (D:3)
  3 quokka skeletons
  3 rats
138 creatures vanquished.

Vanquished Creatures (others)
  3 toadstools (D:3)
3 creatures vanquished.

Grand Total: 141 creatures vanquished

Notes
Turn   | Place    | Note
-------+----------+-------------------------------------------
     0 | Abyss:1  | Curus the Minotaur Abyssal Knight began the quest for the
                  | Orb.
     0 | Abyss:1  | Reached XP level 1. HP: 19/19 MP: 1/1
    38 | Abyss:1  | Noticed a small abomination
    67 | Abyss:1  | Noticed a tentacled starspawn
    68 | D:1      | Escaped the Abyss
    71 | D:1      | Noticed a vine stalker
    71 | D:1      | Noticed a human
    74 | D:1      | Noticed a human
    75 | D:1      | Noticed a naga
    76 | D:1      | Noticed a vine stalker
    77 | D:1      | Noticed a draconian
    79 | D:1      | Noticed a vampire
    81 | D:1      | Noticed a minotaur
    83 | D:1      | Noticed an ogre
    83 | D:1      | Noticed a vampire
    85 | D:1      | Noticed a formicid
    85 | D:1      | Noticed a felid
    87 | D:1      | Noticed a formicid
    87 | D:1      | Noticed a vampire
    89 | D:1      | Noticed an octopode
   171 | D:1      | Reached XP level 2. HP: 21/26 MP: 2/2
   176 | D:1      | Reached skill level 3 in Maces & Flails
   226 | D:1      | Reached * piety under Lugonu
   841 | D:1      | Reached XP level 3. HP: 28/31 MP: 2/4
  1245 | D:2      | Reached skill level 4 in Maces & Flails
  1321 | D:2      | Reached XP level 4. HP: 39/39 MP: 5/5
  1575 | D:3      | Reached XP level 5. HP: 22/45 MP: 6/6
  1862 | D:3      | Noticed Sigmund
  1878 | D:3      | Killed Sigmund
  1878 | D:3      | Reached skill level 5 in Maces & Flails
  1878 | D:3      | Reached XP level 6. HP: 34/51 MP: 6/8
  2018 | D:3      | Reached ** piety under Lugonu
  2378 | D:4      | Reached skill level 6 in Maces & Flails
  2381 | D:4      | Reached skill level 5 in Invocations
  2941 | D:4      | Reached XP level 7. HP: 57/57 MP: 10/10
  2977 | D:4      | Found a white marble altar of Elyvilon.
  2991 | D:4      | Reached skill level 7 in Maces & Flails
  3121 | D:4      | Reached *** piety under Lugonu
  3232 | D:5      | Entered Level 5 of the Dungeon
  3424 | D:5      | Reached skill level 8 in Maces & Flails
  3436 | D:5      | Reached XP level 8. HP: 27/64 MP: 10/12
  4037 | D:5      | Found a basalt altar of Yredelemnul.
  4090 | D:5      | Noticed Ijyb
  4098 | D:5      | Killed Ijyb
  4288 | D:5      | Found a radiant altar of Vehumet.
  4574 | D:6      | Reached skill level 9 in Maces & Flails
  4709 | D:6      | Found a shattered altar of Ashenzari.
  4882 | D:6      | Reached **** piety under Lugonu
  5170 | D:6      | Found a snail-covered altar of Cheibriados.
  5279 | D:6      | Found a staircase to the Ecumenical Temple.
  5520 | D:7      | Found a glowing golden altar of the Shining One.
  5569 | D:7      | Noticed SaintRoka's ghost (novice GnTm)
  5571 | D:7      | Found a transporter.
  5575 | D:7      | Noticed a hippogriff
  5576 | D:7      | Found a transporter.
  5579 | D:7      | Reached skill level 10 in Maces & Flails
  5583 | D:7      | Noticed a hippogriff
  5598 | D:7      | Killed a hippogriff
  5598 | D:7      | Reached XP level 9. HP: 27/70 MP: 14/14
  5610 | D:7      | Slain by a centaur

Levels and vault maps discovered:
D:1:      shiori_arrival_whats_in_store_for_you, layout_basic
D:2:      layout_loops_ring, first_ration, wander_ebering_terrifying_dragon_lair
D:3:      layout_loops_ring, minmay_gold_behind_fungi, uniq_sigmund
D:4:      layout_basic, elyvilon_altar_5
D:5:      layout_basic, nicolae_overflow_crystal_walls,
          lemuel_coloured_pillars_altar, uniq_ijyb
D:6:      layout_basic, nicolae_ashenzari_panopticon,
          minmay_temple_entry_arrows, chei_slow_surprise
D:7:      layout_cave_pools, kennysheep_little_box, gammafunk_ghost_stat_death,
          serial_shops, shop, minmay_misc_feat_chi

Skill      XL: |  1  2  3  4  5  6  7  8 |
---------------+-------------------------+-----
Invocations    | 2 3 4 5 6 8 |  8.4
Maces & Flails | 3 4 5 6 8 10 | 10.4
Fighting       | |  3.6
Armour         | |  2.4
Dodging        | |  1.1

Action                   |  1- 3 |  4- 6 |  7- 9 || total
-------------------------+-------+-------+-------++-------
Melee: Mace              |    74 |     1 |       ||    75
       Headbutt          |    11 |    27 |    34 ||    72
       Flail             |       |   125 |   203 ||   328
Invok: Depart the Abyss  |     1 |       |       ||     1
  Use: Potion            |     5 |     3 |     2 ||    10
       Scroll            |     4 |     6 |     6 ||    16
  Eat: Chunk             |     1 |     5 |     6 ||    12
       Ration            |       |       |     1 ||     1
Armor: Leather armour    |    21 |    26 |       ||    47
       Ring mail         |       |    13 |       ||    13
       Chain mail        |       |       |    87 ||    87
       Plate armour      |       |       |    45 ||    45
Dodge: Dodged            |    48 |    71 |    91 ||   210
